 Dungeon Crawl Stone Soup version 0.29-a0-393-g47a863cc1b (webtiles) character file.

Game seed: 2349449428934013265

17427 Ijustatesigmund the Destroyer (level 12, 0/91 HPs)
             Began as a Gnoll Conjurer on May 6, 2022.
             Was a Believer of Cheibriados.
             Slain by a skeletal warrior
             ... wielding a +0 trident
              (11 damage)
             ... on level 12 of the Dungeon on May 9, 2022.
             The game lasted 00:44:29 (19564 turns).

Ijustatesigmund the Destroyer (Gnoll Conjurer)     Turns: 19564, Time: 00:44:30

Health: 0/91       AC: 15    Str: 14    XL:     12   Next: 47%
Magic:  2/25       EV: 16    Int: 26    God:    Cheibriados [**....]
Gold:   331        SH:  0    Dex: 15    Spells: 21/29 levels left

rFire   . . .      SeeInvis .   c - +2 flail (holy)
rCold   . . .      Faith    .   C - orb {*channel}
rNeg    . . .      Spirit   .   a - +0 steam dragon scales
rPois   +          Reflect  .   g - +1 helmet
rElec   .          Harm     .   j - +1 cloak {Stlth+}
rCorr   .          Rampage  .   p - +1 pair of gloves
Will    ++...      Clarity  +   s - +1 pair of boots of Elyvilon's Respect {rPois}
Stlth   +++++.....              (no amulet)
HPRegen 0.25/turn               A - ring of willpower
MPRegen 0.19/turn               (no ring)

@: about to teleport, very slow
A: fangs 1, strong nose, distributed training, clarity, strong-willed 1
a: Renounce Religion, Bend Time


You were on level 12 of the Dungeon.
You worshipped Cheibriados.
Cheibriados was pleased with you.
You visited 2 branches of the dungeon, and saw 13 of its levels.

You collected 786 gold pieces.
You spent 455 gold pieces at shops.

Inventory:

Hand Weapons
 c - a +2 flail of holy wrath (weapon)
 h - a +4 war axe of flaming
Armour
 a - +0 steam dragon scales (worn)
 g - a +1 helmet (worn)
 j - a +1 cloak of stealth (worn)
 p - a +1 pair of gloves (worn)
 s - the +1 pair of boots of Elyvilon's Respect (worn) {rPois}
   (You bought it in a shop on level 5 of the Dungeon)

   rPois:     It protects you from poison.
 C - an orb of energy (worn)
Magical Staves
 m - a staff of conjuration
Jewellery
 A - a ring of willpower (left hand)
Wands
 f - a wand of paralysis (14)
 i - a wand of charming (6)
 l - a wand of flame (21)
 q - a wand of digging (6)
 r - a wand of mindburst (4)
 y - a wand of iceblast (5)
 E - a wand of polymorph (5)
Scrolls
 u - 3 scrolls of teleportation
 w - 2 scrolls of silence
 F - a scroll of poison
Potions
 b - a potion of magic
 d - 3 potions of lignification
 e - a potion of mutation
 k - a potion of cancellation {unknown}
 o - a potion of brilliance
 x - a potion of flight
 B - 2 potions of attraction {unknown}
Miscellaneous
 z - a condenser vane


   Skills:
 + Level 7.3 Fighting
 + Level 7.3 Short Blades
 + Level 7.3 Long Blades
 + Level 7.3 Axes
 + Level 7.3 Maces & Flails
 + Level 7.3 Polearms
 + Level 7.3 Staves
 + Level 7.3 Slings
 + Level 7.3 Bows
 + Level 7.3 Crossbows
 + Level 7.3 Throwing
 + Level 7.3 Armour
 + Level 8.7 Dodging
 + Level 8.5 Stealth
 + Level 7.3 Shields
 + Level 7.3 Unarmed Combat
 + Level 9.0 Spellcasting
 + Level 9.4 Conjurations
 + Level 6.1 Hexes
 + Level 6.1 Summonings
 + Level 6.1 Necromancy
 + Level 6.1 Translocations
 + Level 6.1 Transmutations
 + Level 6.1 Fire Magic
 + Level 6.1 Ice Magic
 + Level 6.1 Air Magic
 + Level 6.1 Earth Magic
 + Level 6.1 Poison Magic
 + Level 8.0 Invocations
 + Level 7.3 Evocations


You had 21 spell levels left.
You knew the following spells:

 Your Spells              Type           Power      Damage    Failure   Level
a - Magic Dart            Conj           100%       1d8       1%          1
b - Searing Ray           Conj           100%       2d8       1%          2
c - Stone Arrow           Conj/Erth      100%       3d13      1%          3
d - Passwall              Tmut/Erth      35%        N/A       1%          2

Your spell library contained the following spells:

 Spells                   Type           Power      Damage    Failure   Level
 Sandblast                Erth           86%        2d18      1%          1
 Dazzling Flash           Conj/Hex       100%       N/A       1%          3
 Fulminant Prism          Conj/Hex       25%        3d14      1%          4
 Iskenderun's Mystic Bla  Conj/Tloc      51%        2d11      1%          4


Dungeon Overview and Level Annotations

Branches:
Dungeon (12/15)            Temple (1/1) D:5            Lair (0/6) D:8
    Orc (0/2) D:10

Altars:
Ashenzari
Cheibriados
Dithmenos
Elyvilon
Fedhas
Gozag
Hepliaklqana
Kikubaaqudgha
Makhleb
Nemelex Xobeh
Okawaru
Qazlal
Ru
Sif Muna
Trog
Uskayaw
Vehumet
Wu Jian
Xom
Yredelemnul
Zin
The Shining One

Shops:
D:5 [

Portals:
Abyss: D:4


Innate Abilities, Weirdness & Mutations

You have very sharp teeth.
Your uncanny sense of smell can sniff out nearby items.
Your experience applies equally to all skills.
You possess an exceptional clarity of mind.
You are strong-willed. (Will+)


Message History

Your Spellcasting skill increases to level 9!
Casting: Stone Arrow (safe; 1% risk of failure)
Confirm with . or Enter, or press ? or * to list all spells.
Aiming: Stone Arrow (safe; 1% risk of failure)
Press: ? - help, Shift-Dir - straight line, f/p - skeletal warrior
Aim: a skeletal warrior, wielding a +0 trident (heavily damaged, 78% to hit)
The stone arrow hits the skeletal warrior!
The skeletal warrior is severely damaged.
The skeletal warrior barely misses you.
Casting: Stone Arrow (safe; 1% risk of failure)
Confirm with . or Enter, or press ? or * to list all spells.
Aiming: Stone Arrow (safe; 1% risk of failure)
Press: ? - help, Shift-Dir - straight line, f/p - skeletal warrior
Aim: a skeletal warrior, wielding a +0 trident (heavily damaged, 78% to hit)
The stone arrow misses the skeletal warrior.
The skeletal warrior barely misses you.
Casting: Stone Arrow (safe; 1% risk of failure)
Confirm with . or Enter, or press ? or * to list all spells.
Aiming: Stone Arrow (safe; 1% risk of failure)
Press: ? - help, Shift-Dir - straight line, f/p - skeletal warrior
Aim: a skeletal warrior, wielding a +0 trident (heavily damaged, 78% to hit)
The stone arrow misses the skeletal warrior.
The skeletal warrior completely misses you.
Casting: Stone Arrow (safe; 1% risk of failure)
Confirm with . or Enter, or press ? or * to list all spells.
You don't have enough magic to cast this spell.
The skeletal warrior hits you with a +0 trident! x2
You hit the skeletal warrior but do no damage.
The skeletal warrior is heavily damaged.
The skeletal warrior hits you with a +0 trident!!
* * * LOW HITPOINT WARNING * * *
Okay, then.
Okay, then.
You don't have enough magic at the moment.
Okay, then.
As you read the scroll of teleportation, it crumbles to dust.
You feel strangely unstable. The skeletal warrior barely misses you.
A skeletal warrior comes into view. It is wielding a +0 war axe.
The skeletal warrior hits you from afar with a +0 trident!
You die...

###### #######
#....#################>.....
#........z.@................
#....#+#'###................
#....#.....#................
#....#.....#................
*****#...z#.....#.........!......
,,.......z#######..z.............
,,.........,,....................
,...........*#+####....#######...
,...........#,,,,,#....# #...


You could see 2 skeletal warriors.

Vanquished Creatures
  Fannar (D:10)
  4 two-headed ogres
  A skeletal warrior (D:12)
  Pikel (D:4)
  An ugly thing (D:11)
  2 cyclopes (D:12)
  Maurice (D:11)
  Joseph (D:10)
  A gargoyle (D:12)
  Maggie (D:7)
  A kobold demonologist (D:12)
  2 unseen horrors (D:11)
  3 trolls
  A hornet (D:9)
  4 slime creatures (D:8)
  A vampire (D:11)
  3 shadows
  A wraith (D:12)
  10 yaks
  4 wyverns
  The ghost of Lekart the Skirmisher, an amateur DrFi of Yredelemnul (D:4)
  The ghost of Loefaen the Covered, an amateur FoFi (D:3)
  2 vampire mosquitoes (D:12)
  2 steam dragons
  4 wargs (D:10)
  An acid dragon (D:9)
  2 water moccasins
  4 orc warriors
  2 sky beasts (D:7)
  A small abomination (D:4)
  2 ogres
  2 lemures (D:4)
  3 centaurs
  Blork the orc (D:4)
  2 gnoll sergeants
  2 kobold brigands
  A necrophage (D:8)
  6 bullfrogs
  4 scorpions
  12 wights
  4 howler monkeys
  A crimson imp (D:4)
  A jelly (D:3)
  A gnoll shaman (D:8)
  9 orc priests
  Crazy Yiuf (D:4)
  5 hounds
  4 iguanas
  Ijyb (D:4)
  Terence (D:2)
  7 orc wizards
  Robin (D:4)
  8 gnolls
  6 adders
  4 white imps
  4 worms
  6 dart slugs
  35 orcs
  10 endoplasms
  5 giant cockroaches
  20 goblins
  6 hobgoblins
  7 quokkas
  9 ball pythons
  6 bats
  6 frilled lizards
  12 kobolds
  7 rats
286 creatures vanquished.

Vanquished Creatures (collateral kills)
  A two-headed ogre (D:11)
1 creature vanquished.

Vanquished Creatures (others)
  An orc (D:4)
1 creature vanquished.

Grand Total: 288 creatures vanquished

Notes
Turn   | Place    | Note
-------+----------+-------------------------------------------
     0 | D:1      | Ijustatesigmund the Gnoll Conjurer began the quest for the
                  | Orb.
     0 | D:1      | Reached XP level 1. HP: 13/13 MP: 6/6
    88 | D:1      | Reached XP level 2. HP: 19/19 MP: 1/7
   256 | D:1      | Learned a level 2 spell: Searing Ray
   491 | D:1      | Reached XP level 3. HP: 25/25 MP: 3/9
   520 | D:1      | Reached skill level 5 in Spellcasting
  1114 | D:2      | Reached skill level 1 in Invocations
  1119 | D:2      | Reached skill level 1 in Fighting
  1119 | D:2      | Reached skill level 1 in Short Blades
  1119 | D:2      | Reached skill level 1 in Long Blades
  1119 | D:2      | Reached skill level 1 in Axes
  1119 | D:2      | Reached skill level 1 in Maces & Flails
  1119 | D:2      | Reached skill level 1 in Polearms
  1119 | D:2      | Reached skill level 1 in Staves
  1119 | D:2      | Reached skill level 1 in Slings
  1119 | D:2      | Reached skill level 1 in Bows
  1119 | D:2      | Reached skill level 1 in Crossbows
  1119 | D:2      | Reached skill level 1 in Throwing
  1119 | D:2      | Reached skill level 1 in Armour
  1119 | D:2      | Reached skill level 1 in Shields
  1119 | D:2      | Reached skill level 1 in Unarmed Combat
  1119 | D:2      | Reached skill level 1 in Evocations
  1119 | D:2      | Reached XP level 4. HP: 31/32 MP: 1/11
  1450 | D:2      | Reached skill level 1 in Hexes
  1450 | D:2      | Reached skill level 1 in Summonings
  1450 | D:2      | Reached skill level 1 in Necromancy
  1450 | D:2      | Reached skill level 1 in Translocations
  1450 | D:2      | Reached skill level 1 in Transmutations
  1450 | D:2      | Reached skill level 1 in Fire Magic
  1450 | D:2      | Reached skill level 1 in Ice Magic
  1450 | D:2      | Reached skill level 1 in Air Magic
  1450 | D:2      | Reached skill level 1 in Earth Magic
  1450 | D:2      | Reached skill level 1 in Poison Magic
  2013 | D:2      | Reached XP level 5. HP: 37/37 MP: 8/12
  2154 | D:2      | Noticed Terence
  2159 | D:2      | Killed Terence
  2462 | D:2      | Found a faded altar of an unknown god.
  2931 | D:3      | Noticed Loefaen's ghost (amateur FoFi)
  2934 | D:3      | Found a transporter.
  2946 | D:3      | Found a transporter.
  2956 | D:3      | Gained mutation: You are robust. (+10% HP) [potion of
                  | mutation]
  2956 | D:3      | Gained mutation: You tend to lose your temper in combat.
                  | [potion of mutation]
  2957 | D:3      | Lost mutation: You are robust. (+10% HP) [potion of
                  | mutation]
  2957 | D:3      | Lost mutation: You tend to lose your temper in combat.
                  | [potion of mutation]
  2957 | D:3      | Gained mutation: You possess an exceptional clarity of
                  | mind. [potion of mutation]
  2957 | D:3      | Gained mutation: You are strong-willed. (Will+) [potion of
                  | mutation]
  3022 | D:3      | Reached XP level 6. HP: 41/44 MP: 5/13
  3114 | D:3      | Reached skill level 5 in Dodging
  3917 | D:4      | Noticed Ijyb
  3922 | D:4      | Killed Ijyb
  4200 | D:4      | Reached XP level 7. HP: 45/50 MP: 6/15
  4252 | D:4      | Noticed Robin
  4258 | D:4      | Killed Robin
  4398 | D:4      | Found a transporter.
  4500 | D:4      | Noticed Pikel
  4538 | D:4      | Killed Pikel
  4539 | D:4      | Reached skill level 5 in Stealth
  4539 | D:4      | Reached XP level 8. HP: 45/57 MP: 10/16
  4617 | D:4      | Found a glowing silver altar of Zin.
  4617 | D:4      | Found a sparkling altar of Nemelex Xobeh.
  4632 | D:4      | Found an iron altar of Okawaru.
  4634 | D:4      | Found a radiant altar of Vehumet.
  4634 | D:4      | Found a glowing golden altar of the Shining One.
  4835 | D:4      | Noticed Blork the orc
  4840 | D:4      | Killed Blork the orc
  4905 | D:4      | Found a one-way gate to the infinite horrors of the Abyss.
  4905 | D:4      | Noticed Lekart's ghost (amateur DrFi)
  5354 | D:4      | Found a transporter.
  5412 | D:4      | Found a runed translucent door.
  5413 | D:4      | Noticed Crazy Yiuf
  5419 | D:4      | Killed Crazy Yiuf
  5548 | D:5      | Entered Level 5 of the Dungeon
  5725 | D:5      | Found a staircase to the Ecumenical Temple.
  5809 | Temple   | Entered the Ecumenical Temple
  6055 | D:5      | Found Faoc's Antique Armour Shop.
  6064 | D:5      | Bought a pair of steaming boots for 247 gold pieces
  6064 | D:5      | Identified the +1 pair of boots of Elyvilon's Respect
                  | {rPois} (You bought it in a shop on level 5 of the Dungeon)
  6653 | D:5      | Learned a level 3 spell: Stone Arrow
  7150 | D:6      | Reached XP level 9. HP: 65/65 MP: 6/18
  8452 | D:7      | Noticed Maggie
  8456 | D:7      | Killed Maggie
  8574 | D:7      | Reached skill level 5 in Invocations
  9478 | D:7      | Reached XP level 10. HP: 53/72 MP: 4/20
  9965 | D:8      | Reached skill level 5 in Fighting
  9965 | D:8      | Reached skill level 5 in Short Blades
  9965 | D:8      | Reached skill level 5 in Long Blades
  9965 | D:8      | Reached skill level 5 in Axes
  9965 | D:8      | Reached skill level 5 in Maces & Flails
  9965 | D:8      | Reached skill level 5 in Polearms
  9965 | D:8      | Reached skill level 5 in Staves
  9965 | D:8      | Reached skill level 5 in Slings
  9965 | D:8      | Reached skill level 5 in Bows
  9965 | D:8      | Reached skill level 5 in Crossbows
  9965 | D:8      | Reached skill level 5 in Throwing
  9965 | D:8      | Reached skill level 5 in Armour
  9965 | D:8      | Reached skill level 5 in Shields
  9965 | D:8      | Reached skill level 5 in Unarmed Combat
  9965 | D:8      | Reached skill level 5 in Evocations
 10582 | D:8      | Found a snail-covered altar of Cheibriados.
 10674 | D:8      | Became a worshipper of Cheibriados the Contemplative
 10922 | D:8      | Found a staircase to the Lair.
 11662 | D:9      | Found an ancient bone altar of Kikubaaqudgha.
 11891 | D:9      | Reached XP level 11. HP: 81/81 MP: 15/22
 12056 | D:9      | Reached * piety under Cheibriados
 12496 | D:9      | Noticed a two-headed ogre
 12507 | D:9      | Killed a two-headed ogre
 12508 | D:9      | Reached skill level 5 in Hexes
 12508 | D:9      | Reached skill level 5 in Summonings
 12508 | D:9      | Reached skill level 5 in Necromancy
 12508 | D:9      | Reached skill level 5 in Translocations
 12508 | D:9      | Reached skill level 5 in Transmutations
 12508 | D:9      | Reached skill level 5 in Fire Magic
 12508 | D:9      | Reached skill level 5 in Ice Magic
 12508 | D:9      | Reached skill level 5 in Air Magic
 12508 | D:9      | Reached skill level 5 in Earth Magic
 12508 | D:9      | Reached skill level 5 in Poison Magic
 13029 | D:10     | Entered Level 10 of the Dungeon
 13187 | D:3      | Killed Loefaen's ghost
 13281 | D:4      | Killed Lekart's ghost
 13428 | D:5      | Bought a glowing scarf for 208 gold pieces
 13851 | D:10     | Noticed Joseph
 13855 | D:10     | Killed Joseph
 14108 | D:10     | Upgraded the game from 0.29-a0-383-g8b6f518c11 to
                  | 0.29-a0-393-g47a863cc1b
 14123 | D:10     | Found a staircase to the Orcish Mines.
 14321 | D:10     | Reached ** piety under Cheibriados
 14670 | D:10     | Noticed Fannar
 14702 | D:10     | HP: 1/124 [Fannar/staff of cold (8)]
 14710 | D:10     | Killed Fannar
 15597 | D:11     | Learned a level 2 spell: Passwall
 15598 | D:11     | Noticed Maurice
 15608 | D:11     | Killed Maurice
 15812 | D:11     | Noticed a brown ugly thing
 15825 | D:11     | Killed a brown ugly thing
 16061 | D:11     | Noticed a two-headed ogre
 16350 | D:11     | Killed a two-headed ogre
 16855 | D:11     | Noticed a two-headed ogre
 16864 | D:11     | Killed a two-headed ogre
 16865 | D:11     | Reached XP level 12. HP: 89/89 MP: 24/24
 16984 | D:11     | Found a radiant altar of Vehumet.
 17727 | D:11     | Noticed a two-headed ogre
 17731 | D:11     | Killed a two-headed ogre
 18418 | D:12     | Noticed a two-headed ogre
 18425 | D:12     | Killed a two-headed ogre
 19564 | D:12     | Slain by a skeletal warrior

Illustrated notes

Levels and vault maps discovered:
D:1:      minmay_arrival_four_houses, layout_basic
D:2:      layout_basic, hellmonk_ecumenical_altar_inner_sanctum, minivault_19,
          st_stairs_1, item_on_display_a, uniq_terence
D:3:      layout_loops_ring, gammafunk_ghost_arena, st_stairs_3
D:4:      layout_loops_ring, grunt_temple_overflow_open,
          gammafunk_ghost_abyssal_escape, uniq_ijyb, uniq_blork_the_orc,
          uniq_crazy_yiuf_cottage, uniq_robin, uniq_pikel
D:5:      layout_layer_cave, minmay_temple_entry_mist, serial_shops,
          nicolae_shop_behind_doors
D:6:      layout_basic
D:7:      layout_loops_corners, uniq_maggie
D:8:      layout_loops_cross, mainiacjoe_overflow_tiny_flanked,
          lair_entry_dummy, hangedman_glass_teeth, hex_tiny,
          kennysheep_generic_room_12
D:9:      layout_loops_corners, kennysheep_mini, st_stairs_12
D:10:     layout_stronghold, minmay_orc_entry_guard_dogs, uniq_fannar,
          uniq_joseph
D:11:     layout_grid_maze, nicolae_vehumet_radiance, uniq_maurice
D:12:     layout_irregular_city, ebering_ghost_gozag, minmay_misc_feat_enclosed
Temple:   nicolae_temple_no_exploring_needed

Skill      XL: |  1  2  3  4  5  6  7  8  9 10 11 12 |
---------------+-------------------------------------+-----
Spellcasting   | 5 6 7 8 9 |  9.0
Invocations    | 1 2 3 4 5 6 7 8 |  8.0
Fighting       | 1 2 3 4 5 6 7 |  7.3
Short Blades   | 1 2 3 4 5 6 7 |  7.3
Long Blades    | 1 2 3 4 5 6 7 |  7.3
Axes           | 1 2 3 4 5 6 7 |  7.3
Maces & Flails | 1 2 3 4 5 6 7 |  7.3
Polearms       | 1 2 3 4 5 6 7 |  7.3
Staves         | 1 2 3 4 5 6 7 |  7.3
Slings         | 1 2 3 4 5 6 7 |  7.3
Bows           | 1 2 3 4 5 6 7 |  7.3
Crossbows      | 1 2 3 4 5 6 7 |  7.3
Throwing       | 1 2 3 4 5 6 7 |  7.3
Armour         | 1 2 3 4 5 6 7 |  7.3
Shields        | 1 2 3 4 5 6 7 |  7.3
Unarmed Combat | 1 2 3 4 5 6 7 |  7.3
Evocations     | 1 2 3 4 5 6 7 |  7.3
Hexes          | 1 2 3 4 5 6 |  6.1
Summonings     | 1 2 3 4 5 6 |  6.1
Necromancy     | 1 2 3 4 5 6 |  6.1
Translocations | 1 2 3 4 5 6 |  6.1
Transmutations | 1 2 3 4 5 6 |  6.1
Fire Magic     | 1 2 3 4 5 6 |  6.1
Ice Magic      | 1 2 3 4 5 6 |  6.1
Air Magic      | 1 2 3 4 5 6 |  6.1
Earth Magic    | 1 2 3 4 5 6 |  6.1
Poison Magic   | 1 2 3 4 5 6 |  6.1
Dodging        | 5 6 7 8 |  8.7
Stealth        | 5 6 7 8 |  8.5
Conjurations   | 8 9 |  9.4

Action                   |  1- 3 |  4- 6 |  7- 9 | 10-12 || total
-------------------------+-------+-------+-------+-------++-------
Melee: Flail             |     2 |     3 |       |    26 ||    31
       Rapier            |       |     7 |    37 |       ||    44
       Bite              |       |     1 |     7 |    20 ||    28
       Punch             |       |       |     2 |     2 ||     4
       War axe           |       |       |    22 |   129 ||   151
 Cast: Magic Dart        |    41 |    94 |    97 |    62 ||   294
       Searing Ray       |     1 |    14 |    19 |    13 ||    47
       Stone Arrow       |       |       |    37 |   136 ||   173
       Passwall          |       |       |       |     3 ||     3
Invok: Bend Time         |       |       |       |     4 ||     4
Evoke: Wand              |       |       |     7 |    27 ||    34
       Condenser vane    |       |       |       |     1 ||     1
  Use: Scroll            |     1 |     9 |     4 |    15 ||    29
       Potion            |       |     2 |       |     9 ||    11
 Stab: Sleeping          |       |     1 |     5 |     3 ||     9
       Paralysed         |       |       |    10 |    15 ||    25
       Distracted        |       |       |     1 |       ||     1
Armor: Robe              |     1 |       |       |       ||     1
       Leather armour    |       |     1 |    10 |       ||    11
       Steam dragon scal |       |       |     5 |   121 ||   126
       Skin              |       |       |       |    25 ||    25
Dodge: Dodged            |     1 |     7 |    40 |   186 ||   234

Table legend: (Time is in decaauts)
 A = Elapsed time spent in this place.
 B = Non-inter-level travel time spent in this place.
 C = Inter-level travel time spent in this place.
 D = Time resting spent in this place.
 E = Time spent auto-exploring this place.
 F = Levels seen in this place.
 G = Mean time per level.
                   A        B        C        D        E       F      G
               +--------+--------+--------+--------+--------+-----+--------+
         Total |  21061 |  19978 |   1083 |   5260 |  12311 |  13 | 1620.1 |
       Dungeon |  21059 |  19977 |   1082 |   5260 |  12311 |  12 | 1754.9 |
        Temple |      1 |      1 |      0 |      0 |      0 |   1 |    1.0 |
               +--------+--------+--------+--------+--------+-----+--------+

Top non-repeatable levels by time:
    D:10: 3330 daAuts
    D:11: 2380 daAuts
     D:9: 2258 daAuts
     D:4: 1662 daAuts
     D:6: 1517 daAuts
     D:7: 1507 daAuts
     D:5: 1492 daAuts
     D:8: 1451 daAuts
     D:3: 1432 daAuts
     D:2: 1408 daAuts
     D:1: 1378 daAuts
    D:12: 1239 daAuts
  Temple: 1 daAuts
